Unix NetHack Version 5.0.0-0 post-release - last build Jul 14 2026 02:55:29 (1809b74e8187c3a3585e283601c3028b46cbbdcb,branch:main).

Game began 2026-07-14 17:51:31, ended 2026-07-14 17:57:29.

Brudee, chaotic female human Rogue

                                                        ------------
                                                        -.......G..|
                                                        |.......f@<|
                                                        -..........|
                                                        ------------

Brudee the Cutpurse     St:13 Dx:18 Co:15 In:11 Wi:9 Ch:7  Chaotic S:438
Dlvl:5  $:48 HP:0(31) Pw:8(8) AC:1  Xp:3/40 T:1133  Satiated

Latest messages:
 You regain consciousness.
 You can hear again.
 What do you want to eat? [q or ?*] ?
 This cram ration is bland.
 You finish eating the cram ration.
 You fall down the stairs.
 The goblin opens a door.
 The goblin hits!
 The goblin hits!
 You miss the goblin.
 You hit the goblin.
 The goblin hits!
 You miss the goblin.
 You kill the goblin!
 Welcome to experience level 3.
 You see here an iron skull cap.
 You have a little trouble lifting t - an iron skull cap.
 What do you want to wear? [t or ?*] t
 You finish your dressing maneuver.
 What do you want to eat? [q or ?*] q
 This cram ration is bland.
 You finish eating the cram ration.
 What do you want to drop? [$abd-fh-prt or ?*] l
 You drop a long sword.
 What do you want to drink? [dkmn or ?*] ?
 You feel better.
 You can't go up here.
 You see here a long sword.
 What do you want to drink? [dkmn or ?*] ?
 Your feet are frozen to the floor!
 Your movements are now unencumbered.
 The kitten bites!
 The kitten bites!
 The kitten bites!
 The kitten misses!
 The kitten misses!
 The kitten bites!
 The kitten misses!
 The kitten bites!
 The kitten misses!
 The kitten bites!
 The kitten bites!
 The gnome misses!
 The kitten bites!
 The gnome hits!
 The kitten bites!
 The kitten bites!
 You die...
 Do you want your possessions identified? [ynq] (y) y
 Do you want to see your attributes? [ynq] (y) q

Inventory:
 Coins    ('$')
  $ - 48 gold pieces
 Weapons  (')')
  h - a +0 bow
  i - 9 +0 darts
  b - a corroded +0 dagger (alternate weapon; not wielded)
  p - 14 corroded +0 daggers (at the ready)
  a - a +0 short sword (weapon in right hand)
 Armor    ('[')
  t - an uncursed +1 orcish helm (being worn)
  j - an uncursed +0 crystal plate mail (being worn)
 Potions  ('!')
  n - a cursed potion of gain energy
  m - an uncursed potion of healing
  d - an uncursed potion of sickness
 Tools    ('(')
  f - an empty uncursed sack
  e - an uncursed lock pick
 Gems/Stones  ('*')
  r - an uncursed worthless piece of black glass
  o - an uncursed worthless piece of red glass

Brudee the Rogue's attributes:

Background:
 You were a Cutpurse, a level 3 female human Rogue.
 You were chaotic, nominally on a mission for Kos
 who was opposed by Issek (lawful) and Mog (neutral).
 You were right-handed.
 You were in the Dungeons of Doom, on level 5.
 You entered the dungeon 1133 turns ago.
 There was a new moon in effect when your adventure ended.
 You had 40 experience points, 40 more were needed to attain level 4.
 Your score was 438 before end-of-game adjustments.

Basics:
 You had 0 out of 31 hit points.
 You had all 8 energy points (spell power).
 Your armor class was 1.
 Your wallet contained 48 zorkmids.
 Autopickup was on for '$!=+?/"' plus thrown.

Final Characteristics:
 Your strength was 13 (peak:15, limit:18/100).
 Your dexterity was 18 (limit:18).
 Your constitution was 15 (limit:18).
 Your intelligence was 11 (limit:18).
 Your wisdom was 9 (limit:18).
 Your charisma was 7 (limit:18).

Final Status:
 You were satiated.
 You were unencumbered.
 You were wielding a short sword.
 You had basic skill with short sword.

Final Attributes:
 You were devoutly aligned.
 You were stealthy.
 You were guarded.
 You are dead.

Miscellaneous:
 You didn't encounter any bones levels.
 Total elapsed playing time was 5 minutes and 57 seconds.

Major events:
 Turn
    1: Brudee the chaotic female human Rogue entered the dungeon
  812: entered the Gnomish Mines
 1079: attained the rank of Cutpurse (level 3)
 1133: killed by a kitten, while frozen by a potion

You didn't know any spells.

Skills:
 Fighting Skills
   bare handed combat [Unskilled]
   two weapon combat  [Unskilled]
   riding             [Unskilled]
 Weapon Skills
   dagger             [Basic]
   knife              [Unskilled]
   short sword        [Basic]
   broadsword         [Unskilled]
   long sword         [Unskilled]
   two-handed sword   [Unskilled]
   saber              [Unskilled]
   club               [Unskilled]
   mace               [Unskilled]
   morning star       [Unskilled]
   flail              [Unskilled]
   hammer             [Unskilled]
   polearms           [Unskilled]
   spear              [Unskilled]
   crossbow           [Unskilled]
   dart               [Unskilled]
   shuriken           [Unskilled]
 Spellcasting Skills
   divination spells  [Unskilled]
   escape spells      [Unskilled]
   matter spells      [Unskilled]

Voluntary challenges:
 Character rerolling was not enabled.
 You were an atheist.
 You were illiterate.
 You never genocided any monsters.
 You never polymorphed an object.
 You never changed form.
 You used no wishes.
Achievements:
 You entered the Gnomish Mines.
 You attained the rank of Cutpurse.

 The Dungeons of Doom: levels 1 to 5
    Level 1:
    Level 2:
       A fountain.
    Level 3:
    Level 4:
       Stairs down to The Gnomish Mines.
    Level 5: <- You were here.
       Final resting place for
          you, killed by a kitten, while frozen by a potion.
 The Gnomish Mines:
    Level 5:


Vanquished creatures:
  a werejackal
 an acid blob
  a large kobold
  2 giant rats
  a gnome zombie
  a jackal
  a kobold
  2 goblins
  a lichen
11 creatures vanquished.

No species were genocided or became extinct.

Game over:
                       ----------
                      /          \
                     /    REST    \
                    /      IN      \
                   /     PEACE      \
                  /                  \
                  |      Brudee      |
                  |      48 Au       |
                  |   killed by a    |
                  |      kitten      |
                  |                  |
                  |                  |
                  |       2026       |
                 *|     *  *  *      | *
        _________)/\\_//(\/(/\)/\//\/|_)_______

Goodbye Brudee the Rogue...

You died in The Dungeons of Doom on dungeon level 5 with 434 points,
and 48 pieces of gold, after 1133 moves.
You were level 3 with a maximum of 31 hit points when you died.

